 Dungeon Crawl Stone Soup version 0.21.1 (webtiles) character file.

21 Monsterracer the Vexing (level 2, 0/34 HPs)
             Began as a Draconian Arcane Marksman on Feb 2, 2018.
             Succumbed to an adder's poison
             ... on level 2 of the Dungeon.
             The game lasted 00:01:49 (1129 turns).

Monsterracer the Vexing (Draconian Arcane Marksman) Turns: 1129, Time: 00:01:50

Health: 0/34       AC:  4    Str: 17    XL:     2   Next: 62%
Magic:  3/3        EV: 12    Int: 13    God:
Gold:   98         SH:  0    Dex: 11    Spells: 2/3 levels left

rFire    . . .     SeeInvis .     - Unarmed
rCold    . . .     Gourm    .   (no shield)
rNeg     . . .     Faith    .   (armour unavailable)
rPois    .         Spirit   .   (helmet restricted)
rElec    .         Reflect  .   (no cloak)
rCorr    .         Harm     .   (no gloves)
MR       .....                  (no boots)
Stlth    ..........             (no amulet)
HPRegen  0.11/turn              (no ring)
MPRegen  0.08/turn              (no ring)

@: berserking, lethally poisoned (0 -> -2), very quick
A: unfitting armour, cold-blooded, AC +4
a: no special abilities


You were on level 2 of the Dungeon.
You were not hungry.

You visited 1 branch of the dungeon, and saw 2 of its levels.

You collected 98 gold pieces.

Inventory:

Missiles
 b - 2 javelins
 h - 48 stones (quivered)
 m - 3 tomahawks
Scrolls
 e - a scroll of identify {unknown}
 f - a scroll of teleportation {unknown}
 g - a scroll of remove curse {unknown}
 i - a scroll of amnesia {unknown}
 k - a scroll of noise {unknown}
Books
 a - a book of Debilitation

   Spells                             Type                      Level
   a - Corona                         Hexes                        1
   b - Slow                           Hexes                        2
   c - Inner Flame                    Hexes/Fire                   3
   d - Portal Projectile              Hexes/Translocation          3
   e - Cause Fear                     Hexes                        4
   f - Leda's Liquefaction            Hexes/Earth                  4
Comestibles
 c - 2 rations


   Skills:
 - Level 1.1 Fighting
 + Level 1.7 Throwing
 - Level 1.7 Dodging
 * Level 2.3 Unarmed Combat
 - Level 1.0 Spellcasting
 - Level 2.6 Hexes


You had 2 spell levels left.
You knew the following spells:

 Your Spells              Type           Power        Failure   Level  Hunger
a - Corona                Hex            #......      10%         1    ##.....


Dungeon Overview and Level Annotations

Branches:
Dungeon (2/15)

Altars:


Innate Abilities, Weirdness & Mutations

Your plain brown scales are hard. (AC +4)
You cannot fit into any form of body armour.
You are cold-blooded and may be slowed by cold attacks.


Message History

You kill the frilled lizard!
No target in view!
No target in view!
You butcher the frilled lizard corpse.
n - a chunk of flesh You see here a frilled lizard skeleton. x2
Eating a chunk of flesh.
You eat the chunk of flesh.
This raw flesh tastes terrible.
You now have 98 gold pieces (gained 4).
h - 50 stones (gained 19)
There is an escape hatch in the floor here.
An adder comes into view.
An adder is nearby!
Throwing (i - inventory. (,) - cycle):
h - 50 stones (quivered)
Press: ? - help, Shift-Dir - straight line, f - adder
Aim: an adder (resting)
You throw a stone. The stone hits the adder.
The adder hisses angrily.
The adder is lightly wounded.
Throwing (i - inventory. (,) - cycle):
h - 49 stones (quivered)
Press: ? - help, Shift-Dir - straight line, f/p - adder
Aim: an adder (lightly wounded)
You throw a stone.
The stone hits the adder but does no damage.
The adder is lightly wounded.
Fire/throw which item? (* to show all) (? for menu, Esc to quit)
Press: ? - help, Shift-Dir - straight line, f/p - adder
Aim: an adder (lightly wounded)
You throw a javelin. The javelin barely misses the adder.
Fire/throw which item? (* to show all) (? for menu, Esc to quit)
Press: ? - help, Shift-Dir - straight line, f/p - adder
Aim: an adder (lightly wounded)
You throw a javelin. The javelin misses the adder.
The adder bites you.
You are poisoned.
The adder poisons you!
You take 4 damage, and have 19/23 hp.
Fire/throw which item? (* to show all) (? for menu, Esc to quit)
Press: ? - help, Shift-Dir - straight line, f/p - adder
Aim: an adder (lightly wounded)
You throw a tomahawk. The tomahawk closely misses the adder.
You feel sick. The adder closely misses you. x2
You take 1 damage, and have 18/23 hp.
Fire/throw which item? (* to show all) (? for menu, Esc to quit)
Press: ? - help, Shift-Dir - straight line, f/p - adder
Aim: an adder (lightly wounded)
You throw a tomahawk. The tomahawk misses the adder.
The adder barely misses you.
Fire/throw which item? (* to show all) (? for menu, Esc to quit)
Press: ? - help, Shift-Dir - straight line, f/p - adder
Aim: an adder (lightly wounded)
You throw a tomahawk. The tomahawk closely misses the adder.
You feel sick. The adder bites you but does no damage. The adder bites you.
You take 6 damage, and have 12/23 hp.
MASSIVE DAMAGE!!
Fire/throw which item? (* to show all) (? for menu, Esc to quit)
Press: ? - help, Shift-Dir - straight line, f/p - adder
Aim: an adder (lightly wounded)
You throw a tomahawk. The tomahawk closely misses the adder.
The adder bites you.
* * * LOW HITPOINT WARNING * * *
You take 5 damage, and have 7/23 hp.
MASSIVE DAMAGE!!
You barely miss the adder.
The adder is lightly wounded.
The adder barely misses you. The adder bites you but does no damage.
You barely miss the adder.
The adder is lightly wounded.
You feel sick. The adder bites you but does no damage.
You take 1 damage, and have 6/23 hp.
You miss the adder.
Your tail-slap misses the adder.
The adder is lightly wounded.
The adder closely misses you.
You hit the adder but do no damage.
The adder is lightly wounded.
The adder bites you.
* * * LOW HITPOINT WARNING * * *
You take 1 damage, and have 5/23 hp.
Fire/throw which item? (* to show all) (? for menu, Esc to quit)
Press: ? - help, Shift-Dir - straight line, f/p - adder
Aim: an adder (lightly wounded)
You throw a throwing net.
The throwing net barely misses the adder.
The adder closely misses you. x2
Fire/throw which item? (* to show all) (? for menu, Esc to quit)
Press: ? - help, Shift-Dir - straight line, f/p - adder
Aim: an adder (lightly wounded)
You throw a throwing net.
The throwing net closely misses the adder.
You feel sick. The adder barely misses you.
You take 1 damage, and have 5/23 hp.
The adder misses you. The adder closely misses you. The adder bites you.
* * * LOW HITPOINT WARNING * * *
Things that are here:
2 throwing nets; 4 tomahawks; a javelin You take 4 damage, and have 1/23 hp.
It was a potion of cancellation.
You feel magically purged. The adder closely misses you.
It was a potion of berserk rage.
A red film seems to cover your vision as you go berserk!
You feel yourself moving faster!
You feel mighty!
You die...

# #. # ##(# .# ## ..(##
###.## #. #.(. ..... #.
#...##$.... #.
#...@#.##.#
#.#######S.....#
#....#....#.#..#
##).#.#.#.##.#..#
##.....#>.[...#..#
#..............).###
#.......##......<..#
#.............#.##......
##..............# #####


You could see an adder.

Vanquished Creatures
  A leopard gecko (D:1)
  2 bats (D:1)
  2 giant cockroaches (D:1)
  5 goblins (D:1)
  3 kobolds (D:1)
  2 frilled lizards
  5 rats (D:1)
20 creatures vanquished.

Notes
Turn   | Place    | Note
-------+----------+-------------------------------------------
     0 | D:1      | Monsterracer the Draconian Arcane Marksman began the quest for the Orb.
     0 | D:1      | Reached XP level 1. HP: 16/16 MP: 2/2
   145 | D:1      | Reached skill level 1 in Unarmed Combat
   177 | D:1      | Reached XP level 2. HP: 15/23 MP: 3/3
  1119 | D:2      | HP: 7/23 [adder (5)]
  1125 | D:2      | HP: 5/23 [poisoned by an adder]
  1127 | D:2      | HP: 1/23 [adder (4)]
  1129 | D:2      | Succumbed to an adder's poison

Skill      XL: |  1  2 |
---------------+-------+-----
Unarmed Combat | 1 2 |  2.3
Fighting       | |  1.1
Throwing       | |  1.7
Dodging        | |  1.7
Spellcasting   | |  1.0
Hexes          | |  2.6

Action                   || total
-------------------------++-------
Melee: Unarmed           ||    75
       Tailslap          ||     7
Throw: Javelin           ||     6
       Stone             ||     4
       Tomahawk          ||     4
       Throwing net      ||     2
  Use: Potion            ||     2
  Eat: Chunk             ||     1
Armor: Skin              ||    31
Dodge: Dodged            ||    49

Vault maps used:
D:1:      dpeg_arrival_solitude, hangedman_abyss_or_decor_lesser_grid
D:2:      regret_index_temple_of_mockery, grunt_decor_cap
